 Dungeon Crawl Stone Soup version 0.21.1-1-g345015f (webtiles) character file.

81 inc the Chiller (level 4, -4/27 HPs)
             Began as an Octopode Ice Elementalist on Mar 16, 2018.
             Slain by an ogre
             ... wielding a +0 giant club
              (14 damage)
             ... on level 4 of the Dungeon.
             The game lasted 00:04:01 (2682 turns).

inc the Chiller (Octopode Ice Elementalist)         Turns: 2682, Time: 00:04:02

Health: -4/27      AC:  1    Str: 12    XL:     4   Next: 42%
Magic:  6/7        EV: 13    Int: 18    God:
Gold:   120        SH:  0    Dex: 12    Spells: 7/8 levels left

rFire    . . .     SeeInvis .   (no weapon)
rCold    . . .     Gourm    .   (no shield)
rNeg     . . .     Faith    .   (helmet restricted)
rPois    .         Spirit   .   (no amulet)
rElec    .         Reflect  .   (no ring)
rCorr    .         Harm     .   (no ring)
MR       .....                  (no ring)
Stlth    +++.......             (no ring)
HPRegen  0.09/turn              (no ring)
MPRegen  0.10/turn              (no ring)
                                (no ring)
                                (no ring)

@: mighty
A: almost no armour, stealthy swim, amphibious, 8 rings, constrict 8, camouflage
1, gelatinous body 1
a: no special abilities


You were on level 4 of the Dungeon.
You were hungry.

You visited 1 branch of the dungeon, and saw 4 of its levels.

You collected 120 gold pieces.

Inventory:

Scrolls
 d - 2 scrolls of remove curse {unknown}
 h - a scroll of teleportation
 j - a scroll of identify {unknown}
Potions
 e - a potion of berserk rage {unknown}
 g - a potion of heal wounds {unknown}
 i - a potion of agility {unknown}
Books
 a - a book of Frost

   Spells                             Type                      Level
   a - Freeze                         Ice                          1
   b - Throw Frost                    Conjuration/Ice              2
   c - Ozocubu's Armour               Charms/Ice                   3
   d - Throw Icicle                   Conjuration/Ice              4
   e - Summon Ice Beast               Ice/Summoning                4
Comestibles
 b - 8 rations


   Skills:
 - Level 2.0 Dodging
 - Level 2.6 Stealth
 + Level 2.5 Spellcasting
   Level 1.0 Conjurations
 - Level 4.7 Ice Magic


You had 7 spell levels left.
You knew the following spells:

 Your Spells              Type           Power        Failure   Level  Hunger
a - Freeze                Ice            ###.         2%          1    #......


Dungeon Overview and Level Annotations

Branches:
Dungeon (4/15)
 Temple: D:4-7

Altars:
Ashenzari
Yredelemnul


Innate Abilities, Weirdness & Mutations

You cannot wear most types of armour.
You are very stealthy in the water. (Stealth+)
You are amphibious.
You can wear up to eight rings at the same time.
You can use your tentacles to constrict eight enemies at once.
Your skin changes colour to match your surroundings (Stealth+).
Your rubbery body absorbs attacks. (AC +1, EV +1)


Message History

Ouch! That really hurt!
* * * LOW HITPOINT WARNING * * *
Found 5 gold pieces.
Found 20 arrows.
You see here 20 arrows.
The adder hisses angrily.
The jackal barks! x3
Casting: Freeze
Confirm with . or Enter, or press ? or * to list all spells.
Aiming: Freeze
Press: ? - help, Shift-Dir - straight line, f - jackal
Aim: a jackal You freeze the jackal.
The jackal is moderately wounded.
The jackal bites you but does no damage.
It was a potion of might.
You feel very mighty all of a sudden. The jackal closely misses you.
The ogre hits you with a giant club!
Ouch! That really hurt!
You die...

*,**,,* *#.###.##..##
*,**,,* #..........# *,,,,,*
#####.##..## *,*,,,*
###.##..# *,*,,,* #...##..#
*,*,,,* #.####..# *,*,,,**
#.# #..# *,,,,,,* #O# #..#
***,,,,*** #@# #$.# #####
*,,,,,,*###h####(.######....
*>,*,#,,,.hS...........#.###
*,,,,,..,#..#####.####.#.#
*,**.###.#..# #.# #.#.#
*,,,.....??<#####†# #.#.#
*,**.###..........# #.#.#
*,,,#........#########.#.###
*,**.###....##*#.......#....


You could see an ogre, an adder and 2 jackals.

Vanquished Creatures
  An adder (D:2)
  An ooze (D:1)
  2 worms (D:2)
  A dart slug (D:1)
  4 leopard geckos
  An orc (D:4)
  4 giant cockroaches
  5 goblins
  5 hobgoblins
  4 jackals (D:1)
  5 kobolds
  A quokka (D:2)
  2 ball pythons
  8 bats
  5 frilled lizards
  5 rats
54 creatures vanquished.

Notes
Turn   | Place    | Note
-------+----------+-------------------------------------------
     0 | D:1      | inc the Octopode Ice Elementalist began the quest for the Orb.
     0 | D:1      | Reached XP level 1. HP: 11/11 MP: 3/3
    96 | D:1      | Reached XP level 2. HP: 16/17 MP: 1/5
   382 | D:1      | Reached skill level 4 in Ice Magic
   560 | D:1      | Reached XP level 3. HP: 21/21 MP: 6/6
  1596 | D:2      | Reached XP level 4. HP: 9/27 MP: 1/7
  2422 | D:3      | Found a shattered altar of Ashenzari.
  2502 | D:4      | Found a basalt altar of Yredelemnul.
  2630 | D:4      | Noticed an ogre
  2682 | D:4      | Slain by an ogre

Skill      XL: |  1  2 |
---------------+-------+-----
Ice Magic      | 4 |  4.7
Dodging        | |  2.0
Stealth        | |  2.6
Spellcasting   | |  2.5
Conjurations   | |  1.0

Action                   |  1- 3 |  4- 6 || total
-------------------------+-------+-------++-------
Melee: Unarmed           |    68 |    18 ||    86
       Constrict         |    21 |     7 ||    28
       Tentacles         |    13 |     2 ||    15
 Cast: Freeze            |    33 |    11 ||    44
  Use: Scroll            |       |     3 ||     3
       Potion            |       |     1 ||     1
 Stab: Sleeping          |    12 |     3 ||    15
  Eat: Chunk             |     1 |     4 ||     5
Armor: Skin              |    18 |     4 ||    22
Dodge: Dodged            |    75 |    25 ||   100
